 Dungeon Crawl Stone Soup version 0.27-a0-1347-gd8886f0a89 (webtiles) character file.

Game seed: 6692160860521481097

441 HoaS the Twirler (level 7, -8/40 HPs)
             Began as a Gargoyle Gladiator on June 27, 2021.
             Killed by divine providence
             ... invoked by an orc priest
              (14 damage)
             ... on level 4 of the Dungeon.
             The game lasted 00:04:56 (2896 turns).

HoaS the Twirler (Gargoyle Gladiator)               Turns: 2896, Time: 00:04:56

Health: -8/40      AC: 13    Str: 19    XL:     7   Next: 2%
Magic:  7/7        EV:  7    Int:  9    God:
Gold:   67         SH:  0    Dex: 11    Spells: 6/6 levels left

rFire    . . .     SeeInvis .   a - +1 quarterstaff
rCold    . . .     Faith    .   (shield currently unavailable)
rNeg     + . .     Spirit   .   b - +0 chain mail
rPois    ∞         Reflect  .   c - +0 helmet
rElec    +         Harm     .   (no cloak)
rCorr    .         Rampage  .   (no gloves)
Will     .....                  (no boots)
Stlth    ..........             (no amulet)
HPRegen  0.13/turn              (no ring)
MPRegen  0.10/turn              (no ring)

@: no status effects
A: sickness immunity, AC +4, negative energy resistance 1, electricity
resistance, torment resistance 1, petrification resistance
a: no special abilities


You were on level 4 of the Dungeon.
You visited 1 branch of the dungeon, and saw 6 of its levels.

You collected 67 gold pieces.

Inventory:

Hand Weapons
 a - a +1 quarterstaff (weapon)
Missiles
 d - 3 throwing nets (quivered)
 g - 36 poisoned darts
 h - 5 boomerangs
Armour
 b - a +0 chain mail (worn)
 c - a +0 helmet (worn)
Scrolls
 e - a scroll of blinking
Potions
 f - 2 potions of curing
 i - a potion of cancellation {unknown}
 j - a potion of flight {unknown}
 k - a potion of heal wounds {unknown}


   Skills:
 - Level 2.1 Fighting
 + Level 7.7 Staves
 - Level 1.7 Throwing
 - Level 2.4 Dodging


You had 6 spell levels left.
You didn't know any spells.
Your spell library was empty.

Dungeon Overview and Level Annotations

Branches:
Dungeon (6/15)
 Temple: D:4-7

Altars:
Gozag

Annotations:
D:4 Menkaure


Innate Abilities, Weirdness & Mutations

You are immune to sickness and miasma.
Your stone body is resilient. (AC +4)
You are immune to poison.
You resist negative energy. (rN+)
You are resistant to electric shocks. (rElec)
You are resistant to unholy torment.
You are immune to petrification.


Message History

The orc priest hits you but does no damage.
You bump into the stone wall.
You hear some strange, mumbled words.
Something tries to affect you, but you resist.
The orc priest hits you with a +0 flail.
You bump into the stone wall.
Something completely misses you.
The orc priest hits you with a +0 flail.
You bump into the stone wall.
Something hits you but does no damage.
The orc priest mumbles some strange prayers to Beogh against you.
Pain shoots through your body!
* * * LOW HITPOINT WARNING * * *
You bump into the stone wall.
Something hits you but does no damage.
The orc priest hits you but does no damage.
You bump into the stone wall.
You feel less confused.
You hear some strange, mumbled words.
A magic dart appears from out of thin air!
The magic dart hits you but does no damage.
The orc priest barely misses you.
You hit the orc priest.
The orc priest is lightly wounded.
Something hits you but does no damage.
Menkaure calls on the powers of darkness!
The hobgoblin convulses!
The orc convulses!
The kobold convulses!
Something is bathed in an unholy light!
The orc priest convulses!
Something is bathed in an unholy light!
Your body is wracked with pain!
* * * LOW HITPOINT WARNING * * *
The orc priest hits you but does no damage.
You completely miss the orc priest.
The orc priest is heavily wounded.
Something hits you but does no damage.
You hit the orc priest.
The orc priest is severely wounded.
The orc priest closely misses you. Something hits you.
* * * LOW HITPOINT WARNING * * *
You barely miss the orc priest.
The orc priest is severely wounded.
The orc priest mumbles some strange prayers to Beogh against you.
Beogh smites you!
You die...

..#..##.$..#...#.).#
....o....#.+...'.###
...........#gZM#..#
o##.####.#.##'##.#...
# ##..........###.#
#..#.#o#M#.##
......K.g####
##...#oo{# ##.####@#
#.# ###


You could see Menkaure (fast), an orc priest, 2 orcs, a hobgoblin and a kobold.

Vanquished Creatures
  A water moccasin (D:5)
  A kobold brigand (D:6)
  A scorpion (D:5)
  A centaur zombie (D:5)
  An orc wizard (D:5)
  4 gnolls (D:5)
  3 adders
  2 dart slugs (D:1)
  10 orcs (D:5)
  3 ball pythons
  4 endoplasms
  A goblin (D:1)
  8 hobgoblins
  12 jackals
  2 quokkas (D:2)
  3 bats (D:2)
  3 frilled lizards (D:2)
  7 kobolds
  4 rats
71 creatures vanquished.

Vanquished Creatures (others)
  A plant (D:5)
1 creature vanquished.

Grand Total: 72 creatures vanquished

Notes
Turn   | Place    | Note
-------+----------+-------------------------------------------
     0 | D:1      | HoaS the Gargoyle Gladiator began the quest for the Orb.
     0 | D:1      | Reached XP level 1. HP: 12/12 MP: 1/1
   241 | D:1      | Found a faded altar of an unknown god.
   245 | D:1      | Reached XP level 2. HP: 17/17 MP: 2/2
   366 | D:1      | Reached skill level 4 in Staves
   662 | D:1      | Reached XP level 3. HP: 15/21 MP: 3/3
  1573 | D:3      | You fall into a shaft and drop 3 floors!
  1576 | D:6      | Noticed a kobold brigand
  1592 | D:6      | Killed a kobold brigand
  1593 | D:6      | Reached skill level 5 in Staves
  1593 | D:6      | Reached XP level 4. HP: 24/26 MP: 4/4
  1593 | D:6      | Reached XP level 5. HP: 28/30 MP: 5/5
  1602 | D:5      | Entered Level 5 of the Dungeon
  1617 | D:5      | Noticed a water moccasin
  1634 | D:5      | Killed a water moccasin
  1635 | D:5      | Reached skill level 6 in Staves
  1635 | D:5      | Reached XP level 6. HP: 17/35 MP: 6/6
  2333 | D:5      | Reached skill level 7 in Staves
  2423 | D:4      | Found an opulent altar of Gozag.
  2854 | D:4      | Reached XP level 7. HP: 36/40 MP: 7/7
  2867 | D:4      | Noticed Menkaure
  2896 | D:4      | Killed from afar by an orc priest

Illustrated notes

Levels and vault maps discovered:
D:1:      erik_arrival_triangle_medium, layout_rooms,
          ebering_ecumenical_altar_rust, minmay_fountain_box,
          minmay_misc_feat_columns
D:2:      layout_basic
D:3:      layout_rooms, grunt_decor_clamped, dk_vineyard_1,
          minmay_misc_feat_ornament
D:4:      layout_loops_ring, nicolae_overflow_hidden_temple,
          amethyst_overflow_temple_binary, serial_bayou_pond_e,
          minmay_misc_feat_doors, uniq_menkaure
D:5:      corexii_shack_village, layout_basic
D:6:      minmay_goblin_kobold_castle, layout_loops_ring, cheibriados_altar_1,
          minmay_temple_entry_mini_moons, serial_shops, nicolae_take_the_stairs,
          minivault_19, st_stairs_1, hex_tiny

Skill      XL: |  1  2  3  4  5  6 |
---------------+-------------------+-----
Staves         | 4 5 6 7 |  7.7
Fighting       | |  2.1
Throwing       | |  1.7
Dodging        | |  2.4

Action                   |  1- 3 |  4- 6 |  7- 9 || total
-------------------------+-------+-------+-------++-------
Melee: Quarterstaff      |   131 |   146 |    14 ||   291
Throw: Throwing net      |       |     5 |       ||     5
  Use: Scroll            |     3 |       |     1 ||     4
       Potion            |       |     1 |       ||     1
Armor: Leather armour    |    47 |       |       ||    47
       Ring mail         |     9 |       |       ||     9
       Chain mail        |     7 |    89 |    15 ||   111
Dodge: Dodged            |    96 |    47 |     8 ||   151

Table legend: (Time is in decaauts)
 A = Elapsed time spent in this place.
 B = Non-inter-level travel time spent in this place.
 C = Inter-level travel time spent in this place.
 D = Time resting spent in this place.
 E = Time spent auto-exploring this place.
 F = Levels seen in this place.
 G = Mean time per level.
                   A        B        C        D        E       F      G
               +--------+--------+--------+--------+--------+-----+--------+
         Total |   2904 |   2846 |     58 |   1070 |   1184 |   6 |  484.0 |
       Dungeon |   2904 |   2846 |     58 |   1070 |   1184 |   6 |  484.0 |
               +--------+--------+--------+--------+--------+-----+--------+

Top non-repeatable levels by time:
     D:5: 1218 daAuts
     D:1: 880 daAuts
     D:2: 681 daAuts
     D:4: 68 daAuts
     D:6: 29 daAuts
     D:3: 25 daAuts
